 Dungeon Crawl Stone Soup version 0.21-a0-185-g3a6ed1e (webtiles) character file.

844 roflturtle the Changer (level 7, 0/61 HPs)
             Began as a White Draconian Transmuter on Aug 12, 2017.
             Slain by a sky beast (6 damage)
             ... on level 5 of the Dungeon.
             The game lasted 00:25:01 (4727 turns).

roflturtle the Changer (White Draconian Transmuter) Turns: 4727, Time: 00:25:03

Health: 0/61       AC:  2    Str: 12    XL:     7   Next: 68%
Magic:  5/11       EV: 20    Int: 15    God:
Gold:   209        SH:  0    Dex: 20    Spells: 1/11 levels left

rFire    . . .     SeeInvis .     - Unarmed
rCold    . . .     Gourm    .   (shield currently unavailable)
rNeg     . . .     Faith    .   (armour unavailable)
rPois    x         Spirit   .   (helmet currently unavailable)
rElec    .         Reflect  .   (cloak currently unavailable)
rCorr    .         Harm     .   (gloves currently unavailable)
MR       .....                  (boots currently unavailable)
Stlth    ++........             (no amulet)
HPRegen  0.20/turn              f - +3 ring of dexterity
MPRegen  0.12/turn              (no ring)

@: spider-form (expiring), very slightly contaminated
A: (breathe frost), unfitting armour, AC +6
a: End Transformation


You were on level 5 of the Dungeon.
You were not hungry.
You were a venomous arachnid creature.
You visited 1 branch of the dungeon, and saw 5 of its levels.

You collected 209 gold pieces.

Inventory:

Hand Weapons
 v - a +1 blowgun
Missiles
 a - 40 arrows
 i - 25 poisoned needles
 n - 5 javelins of penetration
 p - 8 tomahawks (quivered)
 q - 4 javelins
Armour
 g - a +2 cloak (melded)
Jewellery
 f - a +3 ring of dexterity (left front leg)
Scrolls
 d - 3 scrolls of remove curse
 e - 2 scrolls of fear
 l - a scroll of teleportation
Potions
 h - 2 potions of cancellation
 j - a potion of berserk rage {unknown}
 k - 2 potions of degeneration
 m - a potion of might {unknown}
 o - 2 potions of curing
 r - a potion of resistance {unknown}
 s - 2 potions of lignification {unknown}
 z - a potion of heal wounds {unknown}
Books
 b - a book of Changes

   Spells                             Type                      Level
   a - Beastly Appendage              Transmutation                1
   b - Sticks to Snakes               Transmutation                2
   c - Spider Form                    Transmutation/Poison         3
   d - Ice Form                       Ice/Transmutation            4
   e - Blade Hands                    Transmutation                5
Comestibles
 c - 3 bread rations
 x - 2 meat rations


   Skills:
 - Level 5.0 Fighting
 - Level 2.1 Dodging
 + Level 4.4 Unarmed Combat
 + Level 2.8 Spellcasting
 - Level 6.2 Transmutations


You had one spell level left.
You knew the following spells:

 Your Spells              Type           Power        Failure   Level  Hunger
a - Beastly Appendage     Tmut           ###...       7%          1    #......
b - Sticks to Snakes      Tmut           ###.....     9%          2    ##.....
c - Spider Form           Tmut/Pois      ##........   36%         3    ###....
d - Ice Form              Ice/Tmut       ##......     71%         4    #####..


Dungeon Overview and Level Annotations

Branches:
Dungeon (5/15)
 Temple: D:4-7

Altars:
Cheibriados
Dithmenos
Fedhas
Gozag
Vehumet


Innate Abilities, Weirdness & Mutations

((You can breathe waves of freezing cold.))
((You can buffet flying creatures when you breathe cold.))
((Your icy white scales are hard. (AC +6)))
You cannot fit into any form of body armour.
((Your flesh is cold resistant. (rC+)))
((You are cold-blooded and may be slowed by cold attacks.))


Message History

The sky beast shocks you.
* * * LOW HITPOINT WARNING * * *
You hit the centaur.
You kill the centaur!
The sky beast closely misses you.
You hit the sky beast but do no damage.
The sky beast is poisoned.
You hit the sky beast but do no damage.
The sky beast looks even sicker.
The sky beast is lightly wounded.
The sky beast misses you.
You hit the sky beast.
The sky beast looks as sick as possible!
The sky beast is moderately wounded.
The sky beast completely misses you.
You hit the sky beast.
The sky beast looks as sick as possible!
The sky beast is moderately wounded.
The sky beast hits you.
* * * LOW HITPOINT WARNING * * *
The sky beast shocks you.
You die...

############........
#........
#######....... #...
.........
#..###########
#..###########
#######..#..........
####.)........#########
#....Ys(...####
..%......##.#
...##....##.# .
#....##.# #........
#.....#.# #####...# ..
##.. .### ...#


You could see a sky beast.

Vanquished Creatures
  Sigmund (D:3)
  A sky beast (D:5)
  2 centaurs (D:5)
  Blork the orc (D:4)
  A crimson imp (D:5)
  A jelly (D:5)
  A centaur skeleton (D:4)
  A hound (D:4)
  2 iguanas (D:4)
  Terence (D:3)
  3 worker ants
  4 adders
  A shadow imp (D:5)
  4 worms
  3 dart slugs
  A leopard gecko (D:4)
  2 orcs
  9 bats
  A giant cockroach (D:1)
  6 goblins
  7 hobgoblins
  4 jackals (D:1)
  9 kobolds
  4 quokkas
  A ball python (D:1)
  2 frilled lizards (D:2)
  6 rats
79 creatures vanquished.

Vanquished Creatures (collateral kills)
  A frilled lizard (D:4)
1 creature vanquished.

Grand Total: 80 creatures vanquished

Notes
Turn   | Place    | Note
-------+----------+-------------------------------------------
     0 | D:1      | roflturtle the Draconian Transmuter began the quest for the Orb.
     0 | D:1      | Reached XP level 1. HP: 16/16 MP: 3/3
   321 | D:1      | Reached XP level 2. HP: 23/23 MP: 3/5
   605 | D:1      | Reached skill level 3 in Transmutations
   716 | D:1      | Reached XP level 3. HP: 24/28 MP: 6/6
  1003 | D:2      | Found a snail-covered altar of Cheibriados.
  1030 | D:2      | Learned a level 2 spell: Sticks to Snakes
  1034 | D:2      | Learned a level 3 spell: Spider Form
  1339 | D:2      | Reached skill level 4 in Transmutations
  1637 | D:2      | Reached XP level 4. HP: 34/35 MP: 5/7
  1892 | D:3      | Found a faded altar of an unknown god.
  1917 | D:3      | Noticed Sigmund
  2006 | D:3      | Noticed Terence
  2027 | D:3      | Killed Terence
  2363 | D:3      | Killed Sigmund
  2363 | D:3      | Reached skill level 5 in Fighting
  2363 | D:3      | Reached XP level 5. HP: 26/48 MP: 2/8
  2716 | D:3      | Found a shadowy altar of Dithmenos.
  3096 | D:4      | Found a blossoming altar of Fedhas.
  3096 | D:4      | Found an opulent altar of Gozag.
  3097 | D:4      | Found a radiant altar of Vehumet.
  3129 | D:4      | Reached XP level 6. HP: 48/56 MP: 5/9
  3358 | D:4      | Noticed Blork the orc
  3368 | D:4      | Killed Blork the orc
  3368 | D:4      | Reached skill level 5 in Transmutations
  4114 | D:5      | Entered Level 5 of the Dungeon
  4157 | D:5      | Reached skill level 6 in Transmutations
  4157 | D:5      | Your scales start taking on an icy white colour.
  4157 | D:5      | Reached XP level 7. HP: 27/61 MP: 6/10
  4157 | D:5      | Gained mutation: Your flesh is cold resistant. (rC+) [White Draconian growth]
  4522 | D:4      | Learned a level 4 spell: Ice Form
  4721 | D:5      | HP: 3/61 [sky beast (5)]
  4727 | D:5      | Slain by a sky beast

Vault maps used:
D:1:      lemuel_arrival_hallway
D:2:      cheibriados_altar_1
D:3:      minmay_wonky_spiral, overflow_temple_1_default,
          chequers_ecumenical_altar_simple_redux, minmay_misc_feat_five,
          uniq_terence, uniq_sigmund
D:4:      gammafunk_temple_overflow_forgotten, uniq_blork_the_orc
D:5:      kennysheep_little_box, minmay_temple_entry_overgrown, first_bread

Skill      XL: |  1  2  3  4  5  6  7 |
---------------+----------------------+-----
Dodging        | 2 |  2.1
Transmutations | 3 4 6 |  6.2
Fighting       | 5 |  5.0
Unarmed Combat | 4 |  4.4
Spellcasting   | |  2.8

Action                   |  1- 3 |  4- 6 |  7- 9 || total
-------------------------+-------+-------+-------++-------
Melee: Unarmed           |   165 |   137 |    34 ||   336
       Kick              |    13 |    18 |     2 ||    33
       Tailslap          |    16 |    12 |     2 ||    30
       Headbutt          |     6 |     9 |     1 ||    16
       Punch             |     1 |     4 |       ||     5
 Fire: Blowgun           |       |     9 |       ||     9
 Cast: Beastly Appendage |    26 |    19 |     2 ||    47
       Sticks to Snakes  |       |     7 |     1 ||     8
       Spider Form       |       |     5 |     3 ||     8
 Abil: Breathe Frost     |       |       |     2 ||     2
       End Transformatio |       |       |     1 ||     1
  Use: Potion            |       |     1 |     2 ||     3
       Scroll            |       |       |    10 ||    10
  Eat: Chunk             |     3 |     9 |       ||    12
       Royal jelly       |       |       |     2 ||     2
Armor: Skin              |    44 |    32 |     6 ||    82
Dodge: Dodged            |    92 |    92 |    22 ||   206
